 Dungeon Crawl Stone Soup version 0.26.1-11-gd32895ea62 (webtiles) character file.

Game seed: 5923770053496430995

80 Zeld the Cudgeller (level 4, -10/37 HPs)
             Began as a Draconian Gladiator on June 14, 2021.
             Killed by divine providence
             ... invoked by an orc priest
              (17 damage)
             ... on level 3 of the Dungeon.
             The game lasted 00:02:24 (2781 turns).

Zeld the Cudgeller (Draconian Gladiator)            Turns: 2781, Time: 00:02:24

Health: -10/37     AC:  7    Str: 17    XL:     4   Next: 18%
Magic:  4/4        EV: 13    Int:  9    God:
Gold:   52         SH:  0    Dex: 12    Spells: 3/3 levels left

rFire    . . .     SeeInvis .   j - -2 mace (curse)
rCold    . . .     Faith    .   (no shield)
rNeg     . . .     Spirit   .   (armour unavailable)
rPois    .         Reflect  .   b - +0 hat
rElec    .         Harm     .   s - +0 cloak
rCorr    .         Rampage  .   (no gloves)
Will     .....                  i - +0 pair of boots
Stlth    +.........             (no amulet)
HPRegen  0.12/turn              (no ring)
MPRegen  0.09/turn              (no ring)

@: no status effects
A: unfitting armour, cold-blooded, AC +5
a: no special abilities


You were on level 3 of the Dungeon.
You visited 1 branch of the dungeon, and saw 3 of its levels.

You collected 52 gold pieces.

Inventory:

Hand Weapons
 a - a +0 flail
 j - a cursed -2 mace (weapon)
Missiles
 c - 3 throwing nets (quivered)
 e - 38 stones
 f - 15 boomerangs
 p - 7 javelins
Armour
 b - a +0 hat (worn)
 i - a +0 pair of boots (worn)
 s - a +0 cloak (worn)
Wands
 o - a wand of flame (20)
Scrolls
 d - 2 scrolls of remove curse {unknown}
 g - 3 scrolls of identify {unknown}
 l - a scroll of enchant weapon {unknown}
 n - 2 scrolls of enchant armour {unknown}
Potions
 h - 2 potions of haste {unknown}
 k - a potion of might {unknown}
 m - a potion of magic {unknown}
 q - a potion of flight {unknown}
 r - a potion of degeneration {unknown}
 t - a potion of ambrosia {unknown}


   Skills:
 + Level 2.8 Fighting
 * Level 3.7 Maces & Flails
 * Level 2.7 Throwing
 + Level 3.1 Dodging


You had 3 spell levels left.
You didn't know any spells.
Your spell library was empty.

Dungeon Overview and Level Annotations

Branches:
Dungeon (3/15)

Altars:


Innate Abilities, Weirdness & Mutations

Your plain brown scales are hard. (AC +5)
You cannot fit into any form of body armour.
You are cold-blooded and may be slowed by cold attacks.


Message History

The worm barely misses you. The hobgoblin barely misses you.
The orc closely misses you. The hobgoblin barely misses you.
An orc comes into view. It is wielding a +0 club.
The worm closely misses you. The hound skeleton bites you.
The orc priest mumbles some strange prayers to Beogh against you.
Beogh smites you!
The orc priest invokes the aid of Beogh against you.
Beogh smites you!
* * * LOW HITPOINT WARNING * * *
The hound skeleton bites you but does no damage.
The hound skeleton bites you but does no damage.
You hit the hound skeleton.
Your tail-slap misses the hound skeleton.
The hound skeleton is lightly damaged.
The hound skeleton misses you.
The orc priest invokes the aid of Beogh against you.
Beogh smites you!
You die...

.# #.##)......#
.# #..........#
.# #.##########
.#
#.#....########
.#
#.............#
.#
###....######.#
.#
#....######.##
######.......#
##..††.@.#
#........#
#......o.#
#........#
##.....g.#
#.......#
######o##
#######l#
##o.og..Z#


You could see an orc priest, an orc, a leopard gecko and a hobgoblin.

Vanquished Creatures
  2 adders
  2 leopard geckos (D:1)
  3 giant cockroaches
  6 goblins
  7 hobgoblins
  5 jackals
  16 kobolds
  2 quokkas (D:1)
  A ball python (D:3)
  3 bats (D:2)
  5 frilled lizards
  3 rats
55 creatures vanquished.

Notes
Turn   | Place    | Note
-------+----------+-------------------------------------------
     0 | D:1      | Zeld the Draconian Gladiator began the quest for the Orb.
     0 | D:1      | Reached XP level 1. HP: 17/17 MP: 1/1
   219 | D:1      | Reached XP level 2. HP: 25/25 MP: 2/2
   985 | D:1      | Reached XP level 3. HP: 30/30 MP: 3/3
  2561 | D:3      | Reached XP level 4. HP: 37/37 MP: 4/4
  2781 | D:3      | Killed from afar by an orc priest

Illustrated notes

Levels and vault maps discovered:
D:1:      lemuel_arrival_river_bridge, layout_basic
D:2:      layout_basic, serial_glass, glass_columns_a, glass_columns_b,
          moated_statue
D:3:      corexii_shack_village, layout_basic, goddamned_bats,
          uniq_crazy_yiuf_cottage, uniq_terence

Skill      XL: |  1  2  3 |
---------------+----------+-----
Throwing       | 2 |  2.7
Dodging        | 3 |  3.1
Fighting       | |  2.8
Maces & Flails | |  3.7

Action                   |  1- 3 |  4- 6 || total
-------------------------+-------+-------++-------
Melee: Flail             |    62 |       ||    62
       Tailslap          |    21 |     2 ||    23
       Mace              |   125 |    24 ||   149
Armor: Skin              |    94 |     7 ||   101
Dodge: Dodged            |   199 |    30 ||   229
